Map: Sueño ártico EE

Players

MrFercho

  • Race: Zerg Zerg
  • League: Silver
  • Spawn Location: 6:00

TATORREA

  • Race: Protoss Protoss
  • League: Silver
  • Spawn Location: 5:00

Blue

  • Race: Terran Terran
  • Spawn Location: 11:00

Terransucks

  • Race: Protoss Protoss
  • League: Gold
  • Spawn Location: 12:00

VOD

Have the link to the VOD?

Description

Time

  • Played on: May 19, 2020, 9:33 p.m.
  • Length: 31:07
Show
View Real Time Build Order
Export as new Build Order

MrFercho Zerg 

Build Orders: Pool First 

Get SALT Encoding   

  12  0:01  Drone  
  13  0:13  Overlord  
  13  0:19  Extractor  
  12  0:21  Extractor  
  12  0:22  Drone  
  12  0:26  Drone  
  13  0:31  Drone  
  14  0:38  Drone  
  15  0:48  Drone  
  16  1:01  Spawning Pool, Drone  
  16  1:16  Drone  
  17  1:19  Drone  
  18  1:31  Drone  
  19  1:40  Drone  
  20  1:51  Drone  
  21  2:02  Overlord  
  21  2:16  Metabolic Boost  
  21  2:20  Queen  
  23  2:24  Zergling x2  
  23  2:25  Zergling x2  
  25  2:43  Hatchery  
  24  2:58  Spine Crawler  
  23  3:05  Overlord x2  
  23  3:28  Spine Crawler  
  23  3:30  Zergling x6  
  23  3:33  Zergling x2  
  23  3:34  Zergling x4  
  28  4:01  Drone  
  28  4:02  Drone x2  
  31  4:20  Zergling x2  
  31  4:21  Zergling x6  
  35  4:25  Zergling x2  
  35  4:26  Zergling x4  
  38  4:35  Zergling x4  
  40  4:42  Lair  
  40  4:45  Hatchery  
  39  4:53  Evolution Chamber  
  39  4:54  Drone  
  39  4:55  Drone x2  
  39  4:56  Evolution Chamber  
  29  6:42  Zergling x2  
  29  6:43  Zergling x10  
  34  6:50  Zergling x18  
  40  7:22  Zerg Melee Weapons Level 1  
  40  7:23  Zerg Ground Armor Level 1  
  40  7:29  Infestation Pit  
  39  7:36  Burrow  
  27  8:38  Hive  
  27  8:51  Spire  
  26  9:25  Zergling x10  
  26  9:26  Zergling x8  
  35  9:56  Zerg Ground Armor Level 2, Zerg Melee Weapons Level 2  
  35  10:37  Hatchery  
  34  10:53  Mutalisk  
  34  10:54  Mutalisk x11  
  58  11:08  Overlord x3  
  58  11:26  Pneumatized Carapace  
  58  11:30  Zerg Flyer Armor Level 1  
  30  13:24  Zerg Flyer Weapons Level 1  
  30  13:25  Corruptor x2  
  30  13:26  Corruptor x5  
  44  13:32  Drone x3  
  43  14:37  Extractor  
  42  14:40  Extractor  
  41  14:57  Drone  
  41  14:58  Drone  
  41  14:59  Drone x5  
  48  15:06  Drone  
  49  15:07  Drone x2  
  51  15:28  Greater Spire  
  51  15:38  Drone x2  
  53  15:52  Zerg Melee Weapons Level 3, Zerg Ground Armor Level 3  
  53  16:24  Mutalisk x5  
  39  17:49  Corruptor  
  39  17:50  Corruptor x9  
  59  18:14  Zergling x2  
  59  18:15  Zergling x14  
  67  18:42  Hatchery  
  66  18:54  Extractor  
  66  18:55  Extractor  
  64  18:59  Drone x9  
  73  19:08  Overlord  
  73  19:09  Overlord x2  
  73  19:26  Baneling Nest  
  72  19:34  Corruptor  
  72  19:35  Corruptor x4  
  50  21:52  Corruptor  
  50  21:53  Corruptor x8  
  60  22:16  Lair  
  42  22:37  Corruptor  
  42  22:38  Corruptor  
  42  23:14  Drone  
  42  23:15  Drone x2  
  45  23:47  Infestation Pit  
  44  24:25  Hive  
  42  24:32  Spire  
  42  24:36  Overlord  
  42  24:37  Overlord x2  
  41  24:53  Hatchery  
  41  24:56  Hatchery  
  41  24:57  Hatchery  
  38  25:00  Hatchery  
  37  25:26  Overseer  
  37  25:47  Hatchery  
  36  25:54  Greater Spire  
  36  26:09  Spawning Pool  
  35  26:41  Mutalisk  
  35  26:42  Mutalisk x14  
  49  27:50  Corruptor  
  49  27:51  Corruptor x7  
  40  28:24  Drone x3  
  23  28:59  Lair  
  23  29:06  Zergling x2  
  23  29:07  Zergling x28  
  38  29:49  Extractor  
  38  29:50  Extractor  
Show
View Real Time Build Order
Export as new Build Order

TATORREA Protoss 

Build Orders:  

Get SALT Encoding   

  12  0:01  Probe  
  13  0:18  Probe  
  14  0:25  Pylon  
  14  0:30  Probe  
  15  0:38  Assimilator  
  15  0:43  Probe  
  16  1:03  Probe  
  17  1:04  Gateway  
  17  1:07  Gateway  
  17  1:16  Assimilator  
  17  1:35  Probe  
  18  1:45  Pylon  
  18  1:47  Probe  
  19  1:58  Zealot x2  
  23  2:03  Probe  
  24  2:20  Probe, Cybernetics Core  
  24  2:21  Forge  
  25  2:29  Pylon  
  25  2:32  Probe  
  26  3:02  Stargate  
  26  3:06  Robotics Facility  
  26  3:21  Twilight Council  
  26  3:29  Stalker x2  
  26  3:31  Warp Gate  
  26  3:33  Protoss Ground Weapons Level 1  
  28  4:04  Probe  
  28  4:09  Oracle  
  32  4:16  Probe  
  33  4:20  Immortal  
  37  4:31  Stalker  
  39  4:56  Pylon  
  39  5:05  Pylon  
  39  5:07  Pylon  
  39  5:11  Pylon  
  39  5:14  Stalker, Void Ray  
  42  5:48  Stalker  
  44  5:50  Protoss Ground Weapons Level 2  
  44  6:07  Probe  
  44  6:08  Nexus  
  37  7:21  Stalker x2  
  41  7:27  Void Ray  
  45  7:33  Immortal  
  45  7:36  Probe  
  50  7:38  Protoss Air Weapons Level 1  
  50  7:39  Probe  
  51  7:48  Probe  
  53  7:51  Probe  
  53  8:00  Probe  
  53  8:03  Probe  
  55  8:10  Void Ray  
  59  8:13  Probe  
  60  8:25  Probe  
  61  8:41  Stalker  
  61  8:42  Stalker  
  61  8:44  Immortal  
  69  8:52  Void Ray, Probe  
  69  8:54  Probe  
  75  8:59  Assimilator  
  75  9:03  Assimilator  
  75  9:04  Probe  
  75  9:06  Probe  
  77  9:16  Probe  
  78  9:18  Probe  
  78  9:24  Immortal  
  83  9:28  Probe  
  83  9:30  Probe  
  85  9:40  Probe  
  86  9:57  Nexus  
  86  10:00  Pylon  
  86  10:04  Pylon  
  86  10:14  Pylon  
  86  10:17  Probe  
  86  10:18  Void Ray  
  85  10:29  Probe  
  82  10:41  Probe  
  51  11:01  Stalker  
  51  11:02  Stalker  
  51  11:03  Protoss Ground Weapons Level 3  
  55  11:08  Void Ray  
  59  11:17  Stargate  
  59  11:19  Gateway  
  59  11:22  Gateway  
  59  11:23  Gateway  
  59  11:26  Gateway  
  59  11:30  Gateway  
  59  11:32  Gateway  
  59  11:35  Gateway  
  59  11:41  Gateway  
  59  11:49  Pylon  
  59  11:51  Stalker  
  59  11:52  Stalker, Pylon  
  63  11:57  Pylon  
  63  12:00  Pylon  
  63  12:06  Pylon  
  63  12:07  Void Ray x2  
  71  12:17  Assimilator  
  71  12:19  Assimilator, Probe  
  72  12:25  Probe  
  73  12:33  Probe  
  74  12:37  Probe  
  74  12:43  Stalker  
  74  12:44  Stalker x3  
  81  12:45  Probe  
  81  12:46  Stalker  
  81  12:50  Probe  
  87  12:52  Stalker  
  87  12:54  Stalker  
  87  12:57  Probe  
  92  13:02  Probe  
  93  13:09  Probe  
  94  13:14  Probe  
  83  13:21  Probe  
  76  13:34  Phoenix x2  
  80  13:38  Stalker  
  80  13:39  Stalker x2  
  80  13:40  Stalker x2  
  90  13:42  Stalker  
  90  13:45  Stalker  
  94  13:48  Stalker  
  96  13:58  Phoenix  
  96  13:59  Phoenix  
  96  14:01  Immortal  
  104  14:05  Protoss Ground Armor Level 1  
  104  14:23  Phoenix  
  104  14:24  Phoenix  
  66  14:48  Phoenix  
  68  15:02  Phoenix  
  70  15:13  Phoenix  
  72  15:27  Phoenix  
  74  15:34  Nexus  
  74  15:38  Phoenix  
  76  15:43  Stalker x3  
  76  15:44  Stalker x2  
  76  15:45  Stalker  
  76  15:46  Stalker  
  76  15:47  Stalker x3  
  96  15:52  Phoenix  
  98  16:03  Phoenix  
  100  16:15  Photon Cannon  
  100  16:17  Photon Cannon  
  100  16:20  Photon Cannon  
  100  16:23  Photon Cannon  
  100  16:29  Photon Cannon  
  100  16:31  Photon Cannon  
  100  16:34  Photon Cannon  
  100  16:36  Photon Cannon  
  100  16:37  Photon Cannon  
  100  16:40  Photon Cannon  
  100  16:58  Zealot  
  100  16:59  Zealot x3  
  100  17:00  Zealot x4  
  116  17:02  Zealot  
  116  17:05  Zealot  
  74  17:41  Phoenix x2  
  78  17:57  Assimilator  
  78  18:01  Assimilator  
  78  18:06  Phoenix x2  
  82  18:21  Nexus  
  82  18:31  Phoenix x2  
  86  18:56  Phoenix x2  
  86  19:00  Fleet Beacon  
  86  19:01  Robotics Bay  
  90  19:06  Pylon  
  90  19:09  Pylon  
  90  19:12  Pylon  
  90  19:16  Stalker x3  
  96  19:17  Stalker x2  
  96  19:18  Stalker x3, Pylon  
  96  19:19  Stalker  
  96  19:21  Phoenix x2  
  96  19:22  Pylon  
  112  19:24  Protoss Ground Armor Level 2  
  112  19:28  Pylon  
  112  19:46  Phoenix  
  112  19:47  Anion Pulse-Crystals  
  112  19:49  Extended Thermal Lance  
  114  19:53  Colossus  
  120  20:03  Stalker x2  
  120  20:04  Stalker x2  
  120  20:05  Stalker  
  130  20:10  Zealot  
  130  20:11  Zealot  
  74  21:58  Protoss Shields Level 1  
  60  22:07  Phoenix x2  
  64  22:12  Stalker x3  
  64  22:13  Stalker x3  
  64  22:14  Stalker x2  
  64  22:15  Stalker x2  
  78  22:32  Phoenix x2  
  62  22:57  Phoenix x2 (Chrono Boost)  
  62  23:09  Stalker  
  62  23:10  Stalker x2  
  62  23:11  Stalker x3  
  62  23:12  Stalker x4  
  82  23:20  Phoenix x2 (Chrono Boost)  
  86  23:35  Stalker x2  
  86  23:36  Stalker x3, Phoenix  
  86  23:37  Stalker x2, Phoenix  
  86  23:38  Stalker x3  
  110  23:43  Protoss Air Weapons Level 2  
  110  24:01  Phoenix  
  110  24:02  Phoenix  
  102  24:06  Protoss Ground Armor Level 3  
  92  24:26  Phoenix  
  92  24:27  Phoenix  
  63  25:16  Stalker x4  
  63  25:17  Stalker x4  
  79  25:25  Void Ray  
  79  25:26  Void Ray  
  87  25:52  Probe  
  88  25:59  Pylon  
  88  26:02  Pylon  
  88  26:04  Pylon, Probe  
  88  26:08  Void Ray x2  
  97  26:16  Probe  
  98  26:29  Probe  
  99  26:36  Stalker  
  101  26:41  Probe  
  101  26:42  Unknown  
  102  26:51  Void Ray, Assimilator  
  102  26:53  Probe  
  45  27:55  Stalker x4  
  45  27:56  Stalker x4  
  45  27:57  Stalker x2  
  65  28:00  Void Ray  
  65  28:01  Void Ray  
  45  28:30  Stalker  
  45  28:31  Stalker x2  
  45  28:43  Void Ray x2  
  43  29:31  Stalker x3  
  37  29:32  Stalker  
  27  30:21  Zealot x3  
  27  30:22  Zealot x3  
  27  30:23  Zealot x2  
Show
View Real Time Build Order
Export as new Build Order

Blue Terran 

Build Orders:  

Get SALT Encoding   

  12  0:03  SCV  
  13  0:15  Supply Depot  
  13  0:19  SCV  
  14  0:32  SCV  
  15  0:38  Supply Depot  
  15  0:47  Barracks  
  15  0:50  SCV  
  15  0:57  Refinery  
  16  1:03  SCV  
  17  1:10  Supply Depot  
  17  1:21  SCV  
  18  1:33  Supply Depot, SCV  
  18  1:34  Supply Depot  
  18  1:38  Marine  
  20  1:45  SCV  
  21  1:51  Refinery  
  21  1:57  SCV, Reaper  
  23  2:04  Bunker  
  23  2:09  SCV  
  24  2:22  SCV  
  25  2:28  Marine  
  26  2:37  Factory  
  26  2:41  SCV  
  27  2:46  Marine  
  29  2:58  SCV  
  29  3:04  Marine  
  29  3:05  Command Center  
  30  3:19  SCV  
  31  3:21  Factory Tech Lab  
  31  3:26  Reaper  
  32  3:46  SCV  
  32  3:49  Siege Tank  
  35  3:58  SCV  
  36  4:11  Orbital Command  
  36  4:17  SCV  
  36  4:22  Refinery  
  37  4:26  Starport  
  37  4:29  SCV, Siege Tank  
  40  4:36  SCV  
  41  4:41  SCV  
  42  4:48  SCV  
  43  5:06  Starport Tech Lab  
  43  5:12  Command Center  
  43  5:17  SCV  
  44  5:23  Engineering Bay  
  44  5:25  SCV  
  44  5:27  Viking  
  47  5:29  SCV  
  48  5:45  Siege Tank  
  48  5:48  SCV  
  52  5:55  Supply Depot  
  52  6:02  Raven  
  54  6:08  SCV  
  55  6:18  Supply Depot  
  55  6:27  Planetary Fortress  
  55  6:32  SCV  
  56  6:33  Siege Tank  
  59  6:44  SCV  
  52  7:20  Banshee  
  55  7:23  Siege Tank  
  56  8:13  SCV  
  57  8:23  Fusion Core, SCV  
  57  8:25  SCV  
  57  8:26  Viking  
  58  8:37  SCV  
  58  8:41  Starport  
  59  8:49  SCV  
  59  8:51  Starport  
  59  8:53  Siege Tank  
  63  9:04  Missile Turret  
  63  9:06  SCV  
  64  9:10  Refinery  
  64  9:17  Starport  
  64  9:18  SCV  
  64  9:21  Supply Depot  
  64  9:22  Starport Tech Lab  
  65  9:26  Battlecruiser  
  65  9:30  Siege Tank, SCV  
  75  9:34  Missile Turret  
  75  9:42  SCV  
  75  9:44  Supply Depot  
  75  9:45  Battlecruiser  
  82  9:48  Starport Tech Lab  
  82  10:01  Refinery  
  82  10:11  Starport Tech Lab  
  82  10:13  Battlecruiser  
  78  10:48  Battlecruiser  
  70  11:08  Armory  
  70  11:11  Battlecruiser  
  76  11:20  Supply Depot  
  76  11:23  SCV  
  77  11:28  Refinery  
  77  11:35  SCV  
  78  11:42  Battlecruiser  
  78  11:43  Supply Depot  
  84  11:57  Command Center  
  84  11:59  Missile Turret  
  84  12:05  Battlecruiser  
  84  12:06  Supply Depot, Refinery  
  90  12:14  Terran Ship Weapons Level 1  
  90  12:21  Missile Turret  
  89  12:26  Viking  
  89  12:28  Battlecruiser  
  97  12:32  Supply Depot, Refinery  
  97  12:37  Armory  
  97  12:42  Missile Turret  
  95  12:44  Planetary Fortress  
  67  13:27  Battlecruiser  
  73  13:35  SCV  
  74  13:47  SCV  
  75  13:54  Command Center  
  75  13:59  SCV  
  75  14:01  SCV  
  77  14:13  SCV  
  77  14:16  Terran Vehicle And Ship Armor Level 1  
  78  14:26  SCV  
  73  14:34  Supply Depot  
  73  14:36  Battlecruiser  
  73  14:38  SCV  
  80  14:57  Supply Depot, Battlecruiser  
  80  14:59  Viking x2  
  90  15:04  Armory, SCV  
  90  15:06  Missile Turret  
  91  15:16  SCV x2  
  91  15:20  SCV  
  94  15:21  Supply Depot  
  94  15:26  Missile Turret  
  94  15:28  SCV  
  95  15:32  SCV  
  96  15:40  Battlecruiser, SCV  
  96  15:42  Viking  
  105  15:43  Supply Depot  
  105  15:44  Viking  
  105  15:45  SCV  
  105  15:46  Missile Turret  
  108  15:52  SCV  
  108  15:57  SCV  
  110  16:04  SCV  
  110  16:06  Supply Depot, Battlecruiser  
  110  16:09  SCV  
  110  16:10  Terran Ship Weapons Level 2  
  118  16:25  Terran Vehicle And Ship Armor Level 2  
  118  16:27  SCV  
  118  16:28  Supply Depot  
  118  16:31  Refinery  
  119  16:33  Refinery  
  119  16:39  SCV x2  
  121  16:51  Viking, Supply Depot, SCV  
  121  16:52  SCV  
  121  16:53  Viking  
  127  16:55  Viking  
  129  17:03  SCV  
  129  17:04  SCV  
  129  17:16  Supply Depot, SCV  
  124  17:28  SCV  
  111  17:39  Supply Depot  
  111  17:48  Battlecruiser  
  111  17:49  Battlecruiser  
  111  17:51  Viking  
  125  17:56  Battlecruiser  
  131  18:09  SCV  
  132  18:13  SCV  
  133  18:21  SCV  
  133  18:25  Command Center, SCV  
  135  18:33  SCV  
  136  18:37  SCV  
  137  18:43  Battlecruiser  
  137  18:46  SCV  
  144  18:49  SCV  
  145  18:58  SCV  
  145  19:02  SCV  
  147  19:03  Missile Turret  
  147  19:10  SCV  
  147  19:14  SCV  
  149  19:24  Missile Turret  
  149  19:26  SCV  
  149  19:27  Terran Ship Weapons Level 3  
  149  19:28  Terran Vehicle And Ship Armor Level 3  
  150  19:35  Battlecruiser  
  150  19:38  SCV  
  157  19:45  Missile Turret  
  157  19:46  SCV  
  157  19:50  SCV  
  157  19:51  Refinery  
  159  19:59  SCV  
  161  20:02  SCV  
  161  20:04  Planetary Fortress  
  161  20:06  Refinery  
  162  20:14  SCV  
  162  20:16  Planetary Fortress  
  158  20:26  SCV  
  158  20:27  Battlecruiser  
  162  20:29  Battlecruiser  
  167  20:38  SCV  
  163  20:48  Battlecruiser  
  164  20:50  Battlecruiser  
  168  21:04  SCV  
  163  21:16  SCV  
  152  21:28  SCV  
  129  21:40  SCV  
  124  21:52  SCV  
  119  22:04  SCV  
  120  22:09  Refinery  
  120  22:16  SCV  
  121  22:27  Battlecruiser x2  
  121  22:28  Battlecruiser x2, SCV  
  140  22:33  Siege Tank  
  143  22:38  Supply Depot  
  143  22:40  SCV  
  132  22:52  SCV  
  132  22:56  Planetary Fortress  
  133  22:58  SCV  
  133  23:05  SCV  
  135  23:10  SCV  
  136  23:17  SCV  
  137  23:23  SCV  
  138  23:29  Command Center, SCV  
  138  23:32  Starport  
  145  23:34  Battlecruiser  
  145  23:35  SCV  
  146  23:47  SCV  
  147  24:09  Starport  
  135  24:47  Starport  
  135  24:49  Refinery  
  135  24:51  Planetary Fortress  
  123  24:53  Refinery  
  117  25:09  Starport Tech Lab  
  117  25:10  Starport Tech Lab  
  117  25:12  Battlecruiser  
  117  25:13  Battlecruiser x3  
  141  25:24  Starport Tech Lab  
  141  25:41  SCV  
  142  25:44  Missile Turret  
  142  25:52  SCV  
  142  25:53  SCV  
  142  25:55  SCV  
  145  25:57  SCV  
  145  25:59  Command Center  
  146  26:04  SCV  
  146  26:05  Missile Turret, SCV  
  146  26:07  Battlecruiser, SCV  
  146  26:09  Viking, Command Center  
  146  26:10  SCV  
  146  26:11  Viking  
  160  26:16  SCV  
  160  26:17  Battlecruiser, SCV  
  168  26:19  Battlecruiser  
  168  26:24  Viking  
  176  26:28  SCV, Missile Turret  
  176  26:30  SCV  
  178  26:36  Battlecruiser  
  184  26:46  SCV  
  185  26:58  SCV  
  186  27:03  Battlecruiser  
  186  27:07  Battlecruiser  
  198  27:10  SCV  
  200  27:22  SCV  
  200  27:29  Planetary Fortress  
  170  27:55  Battlecruiser x5  
  158  29:05  SCV  
  158  29:07  Battlecruiser x2  
  158  29:09  Battlecruiser  
  177  29:10  Battlecruiser  
  177  29:12  Battlecruiser  
  177  29:15  Battlecruiser  
  195  29:17  SCV  
  195  29:20  Viking  
  192  29:29  Refinery, SCV  
  193  29:32  SCV  
  193  29:33  Missile Turret  
  194  29:41  SCV  
  194  29:44  SCV  
  196  29:50  Viking  
  198  29:54  Missile Turret  
  198  29:56  SCV  
  199  30:08  SCV  
  199  30:14  Missile Turret  
  198  30:19  Viking  
  200  30:43  Refinery  
Show
View Real Time Build Order
Export as new Build Order

Terransucks Protoss 

Build Orders: 1 Gate Expand 

Get SALT Encoding   

  12  0:02  Probe  
  13  0:14  Probe  
  14  0:22  Pylon  
  14  0:28  Probe  
  14  0:30  Assimilator  
  15  0:40  Probe  
  16  0:49  Gateway  
  16  0:53  Probe  
  17  1:05  Probe  
  18  1:17  Probe  
  19  1:43  Probe  
  19  1:44  Nexus, Cybernetics Core  
  20  1:51  Assimilator  
  20  1:55  Probe  
  21  2:08  Probe  
  22  2:20  Pylon  
  22  2:28  Probe  
  23  2:40  Probe  
  24  2:49  Protoss Air Weapons Level 1  
  24  2:52  Probe  
  24  2:53  Stargate  
  24  2:58  Pylon  
  25  3:02  Pylon  
  25  3:06  Probe  
  25  3:12  Stalker  
  28  3:14  Assimilator  
  28  3:18  Probe  
  28  3:19  Assimilator  
  29  3:23  Probe  
  30  3:30  Probe  
  31  3:35  Probe  
  32  3:41  Void Ray  
  32  3:42  Probe  
  32  3:47  Probe  
  38  3:54  Probe  
  39  3:59  Probe  
  40  4:06  Probe  
  41  4:11  Probe  
  41  4:15  Fleet Beacon  
  42  4:18  Probe  
  42  4:23  Probe  
  44  4:30  Probe  
  44  4:31  Phoenix  
  47  4:35  Probe  
  48  4:42  Probe  
  49  4:48  Probe  
  50  4:54  Probe  
  51  5:00  Probe  
  51  5:07  Probe  
  53  5:12  Probe  
  53  5:13  Void Ray  
  58  5:19  Probe  
  59  5:24  Probe  
  60  5:31  Probe  
  55  5:36  Probe  
  51  5:43  Probe  
  51  5:48  Probe  
  53  5:55  Probe  
  54  6:00  Probe  
  45  6:07  Probe  
  42  6:12  Probe  
  43  6:19  Probe  
  5  7:18  Probe  
  5  7:30  Probe  
  4  7:42  Probe  
  4  7:47  Pylon  
  4  7:54  Probe  
  5  8:02  Pylon  
  5  8:05  Nexus  
  5  8:09  Pylon  
Tags
 
Add a new tag
Caveats
  • Supply blocks, unpowered buildings, or Contaminate may cause inaccurate times.
  • Supply counts are checked every 10 seconds.